| TOP OF THE 1ST |
|
Minnesota (NYP) Twins batting - Pitching for Vancouver Canadians : RHP John York
|
|
Pitching: RHP John York
|
|
|
Batting: RHB David McClellan
|
0-0: Called Strike 0-1: Ground out 1-3 (Groundball, 34S, EV 68.8 MPH)
|
|
Batting: RHB Sergio Gomez
|
0-0: Ball 1-0: Ball 2-0: Ground out 6-3 (Groundball, 6, EV 90.6 MPH)
|
|
Batting: LHB Tomas Espino
|
0-0: Foul Ball, location: 2F 0-1: DOUBLE (Groundball, 3D, EV 101.2 MPH)
|
|
Batting: RHB Steve Terrell
|
0-0: Called Strike 0-1: Ball 1-1: Swinging Strike 1-2: 2-RUN HOME RUN (Flyball, 78XD, EV 106.9 MPH), Distance : 407 ft
|
|
Batting: RHB Pat Adams
|
0-0: Ball 1-0: Ground out 6-3 (Groundball, 6, EV 101.9 MPH)
|
| Top of the 1st over - 2 runs, 2 hits, 0 errors, 0 left on base; Minnesota (NYP) 2 - Vancouver 0 |
| BOTTOM OF THE 1ST |
|
Vancouver Canadians batting - Pitching for Minnesota (NYP) Twins : RHP Gary Triska
|
|
Pitching: RHP Gary Triska
|
|
|
Batting: RHB Kennet Strijbis
|
0-0: Ground out U3 (Groundball, 3, EV 83.1 MPH)
|
|
Batting: RHB Carlos Renteria
|
0-0: Fly out, F8 (Flyball, 8RXD, EV 100.6 MPH)
|
|
Batting: RHB Paul Healy
|
0-0: SINGLE (Groundball, 6D, EV 103.8 MPH)
|
|
Batting: RHB Nikita Schram
|
0-0: Ball 1-0: Ball 2-0: Called Strike 2-1: Fly out, F8 (Line Drive, 89D, EV 91.2 MPH)
|
| Bottom of the 1st over - 0 runs, 1 hit, 0 errors, 1 left on base; Minnesota (NYP) 2 - Vancouver 0 |
| TOP OF THE 2ND |
|
Minnesota (NYP) Twins batting - Pitching for Vancouver Canadians : RHP John York
|
|
Batting: RHB Fhil Mikrakin
|
0-0: Called Strike 0-1: Ball 1-1: Swinging Strike 1-2: Strikes out swinging
|
|
Batting: LHB Yasutoshi Hayashi
|
0-0: Ball 1-0: Ball 2-0: Called Strike 2-1: Ball 3-1: Foul Ball, location: 2F 3-2: Ground out U3 (Groundball, 3, EV 85.0 MPH)
|
|
Batting: LHB Ben Roth
|
0-0: Called Strike 0-1: Swinging Strike 0-2: Strikes out swinging
|
| Top of the 2nd over - 0 runs, 0 hits, 0 errors, 0 left on base; Minnesota (NYP) 2 - Vancouver 0 |
| BOTTOM OF THE 2ND |
|
Vancouver Canadians batting - Pitching for Minnesota (NYP) Twins : RHP Gary Triska
|
|
Batting: RHB George King
|
0-0: Called Strike 0-1: Ball 1-1: Swinging Strike 1-2: Strikes out looking
|
|
Batting: RHB Brian Manson
|
0-0: Foul Ball, location: 2F 0-1: Ball 1-1: Called Strike 1-2: Ball 2-2: Ground out 1-3 (Groundball, 13S, EV 70.0 MPH)
|
|
Batting: RHB Elliot Manfredini
|
0-0: Ball 1-0: Ball 2-0: Ball 3-0: Base on Balls
|
|
Batting: RHB Ricky Carbajal
|
0-0: Ball 1-0: Ball 2-0: Ball 3-0: Called Strike 3-1: Foul Ball, location: 2F 3-2: SINGLE (Groundball, 6D, EV 106.9 MPH) Elliot Manfredini to second Elliot Manfredini to third
|
|
Batting: RHB Mike Strey
|
0-0: Foul Ball, location: 2F 0-1: Fielders Choice at 2nd, 6-4 (Groundball, 6, EV 88.1 MPH)
|
| Bottom of the 2nd over - 0 runs, 1 hit, 0 errors, 2 left on base; Minnesota (NYP) 2 - Vancouver 0 |
| TOP OF THE 3RD |
|
Minnesota (NYP) Twins batting - Pitching for Vancouver Canadians : RHP John York
|
|
Batting: SHB Juan Aguilar
|
0-0: Ball 1-0: Foul Ball, location: 2F 1-1: Ball 2-1: Foul Ball, location: 2F 2-2: SINGLE (Groundball, P, EV 75.6 MPH) (infield hit)
|
|
Batting: RHB David McClellan
|
0-0: Foul Ball, location: 2F 0-1: Ball 1-1: Swinging Strike 1-2: SINGLE (Line Drive, 9LM, EV 94.4 MPH) Juan Aguilar to second
|
|
Batting: RHB Sergio Gomez
|
0-0: Ball 1-0: Ball 2-0: Called Strike 2-1: Fly out, F3 (Line Drive, 3L, EV 66.2 MPH) Lined into DP, U3 (Line Drive, 3L, EV 63.8 MPH)
|
|
Batting: LHB Tomas Espino
|
Balk! Juan Aguilar to third 0-0: Ground out 6-3 (Groundball, 6, EV 90.6 MPH)
|
| Top of the 3rd over - 0 runs, 2 hits, 0 errors, 1 left on base; Minnesota (NYP) 2 - Vancouver 0 |
| BOTTOM OF THE 3RD |
|
Vancouver Canadians batting - Pitching for Minnesota (NYP) Twins : RHP Gary Triska
|
|
Batting: RHB Kennet Strijbis
|
0-0: Called Strike 0-1: Ground out 5-3 (Groundball, 5L, EV 86.2 MPH)
|
|
Batting: RHB Carlos Renteria
|
0-0: Fly out, F4 (Line Drive, 4, EV 68.1 MPH)
|
|
Batting: RHB Paul Healy
|
0-0: Ball 1-0: Fly out, F7 (Flyball, 78M, EV 93.1 MPH)
|
| Bottom of the 3rd over - 0 runs, 0 hits, 0 errors, 0 left on base; Minnesota (NYP) 2 - Vancouver 0 |
| TOP OF THE 4TH |
|
Minnesota (NYP) Twins batting - Pitching for Vancouver Canadians : RHP John York
|
|
Batting: RHB Steve Terrell
|
0-0: Swinging Strike 0-1: Ball 1-1: Ball 2-1: Ball 3-1: Foul Ball, location: 2F 3-2: Ground out 5-3 (Groundball, 5, EV 81.9 MPH)
|
|
Batting: RHB Pat Adams
|
0-0: Called Strike 0-1: Ball 1-1: Ball 2-1: Foul Ball, location: 2F 2-2: Ball 3-2: Foul Ball, location: 2F 3-2: Ground out 4-3 (Groundball, 13, EV 82.5 MPH)
|
|
Batting: RHB Fhil Mikrakin
|
0-0: Called Strike 0-1: Ball 1-1: Called Strike 1-2: Ball 2-2: Ball 3-2: Foul Ball, location: 2F 3-2: Strikes out looking
|
| Top of the 4th over - 0 runs, 0 hits, 0 errors, 0 left on base; Minnesota (NYP) 2 - Vancouver 0 |
| BOTTOM OF THE 4TH |
|
Vancouver Canadians batting - Pitching for Minnesota (NYP) Twins : RHP Gary Triska
|
|
Batting: RHB Nikita Schram
|
0-0: Ball 1-0: Ball 2-0: Ball 3-0: Called Strike 3-1: Foul Ball, location: 2F 3-2: Base on Balls
|
|
Batting: RHB George King
|
0-0: Called Strike Nikita Schram steals 2nd base 0-1: Ground out 6-3 (Groundball, 4MS, EV 85.0 MPH) Nikita Schram to third
|
|
Batting: RHB Brian Manson
|
0-0: Foul Ball, location: 2F 0-1: Foul Ball, location: 2F 0-2: Foul Ball, location: 2F 0-2: SINGLE (Groundball, 6MD, EV 106.9 MPH) Nikita Schram scores
|
|
Batting: RHB Elliot Manfredini
|
0-0: Ball 1-0: Ball Brian Manson steals 2nd base 2-0: Fly out, F8 (Flyball, 8LXD, EV 90.0 MPH) Runner from 2nd tags up, SAFE at 3rd, no throw by CF
|
|
Batting: RHB Ricky Carbajal
|
0-0: Ball 1-0: Ball 2-0: Called Strike 2-1: Swinging Strike 2-2: Ball 3-2: Strikes out swinging
|
| Bottom of the 4th over - 1 run, 1 hit, 0 errors, 1 left on base; Minnesota (NYP) 2 - Vancouver 1 |
| TOP OF THE 5TH |
|
Minnesota (NYP) Twins batting - Pitching for Vancouver Canadians : RHP John York
|
|
Batting: LHB Yasutoshi Hayashi
|
0-0: Swinging Strike 0-1: Called Strike 0-2: Ball 1-2: Foul Ball, location: 2F 1-2: Foul Ball, location: 2F 1-2: Strikes out swinging
|
|
Batting: LHB Ben Roth
|
0-0: Ball 1-0: Ball 2-0: Fly out, F8 (Flyball, 8LD, EV 102.5 MPH)
|
|
Batting: SHB Juan Aguilar
|
0-0: Ground out 4-3 (Groundball, 4, EV 101.9 MPH)
|
| Top of the 5th over - 0 runs, 0 hits, 0 errors, 0 left on base; Minnesota (NYP) 2 - Vancouver 1 |
| BOTTOM OF THE 5TH |
|
Vancouver Canadians batting - Pitching for Minnesota (NYP) Twins : RHP Gary Triska
|
|
Batting: RHB Mike Strey
|
0-0: Ball 1-0: Ball 2-0: Swinging Strike 2-1: Called Strike 2-2: Ground out 6-3 (Groundball, 6, EV 99.4 MPH)
|
|
Batting: RHB Kennet Strijbis
|
0-0: Swinging Strike 0-1: Called Strike 0-2: Ball 1-2: Strikes out swinging
|
|
Batting: RHB Carlos Renteria
|
0-0: Called Strike 0-1: Foul Ball, location: 2F 0-2: SINGLE (Groundball, 6MS, EV 63.1 MPH) (infield hit)
|
|
Batting: RHB Paul Healy
|
0-0: Foul Ball, location: 2F 0-1: Ball 1-1: Ball Carlos Renteria steals 2nd base (no throw) 2-1: Foul Ball, location: 2F 2-2: Ground out 6-3 (Groundball, 6D, EV 83.8 MPH)
|
| Bottom of the 5th over - 0 runs, 1 hit, 0 errors, 1 left on base; Minnesota (NYP) 2 - Vancouver 1 |
| TOP OF THE 6TH |
|
Minnesota (NYP) Twins batting - Pitching for Vancouver Canadians : RHP John York
|
|
Batting: RHB David McClellan
|
0-0: Called Strike 0-1: Ball 1-1: Ball 2-1: Foul Ball, location: 2F 2-2: Ground out 4-3 (Groundball, 4, EV 106.9 MPH)
|
|
Batting: RHB Sergio Gomez
|
0-0: Called Strike 0-1: DOUBLE (Flyball, 8LD, EV 105.0 MPH)
|
|
Batting: LHB Tomas Espino
|
0-0: Intentional Walk
|
|
Batting: RHB Steve Terrell
|
0-0: Swinging Strike 0-1: Ball 1-1: Fly out, F7 (Flyball, 7S, EV 90.6 MPH)
|
|
Batting: RHB Pat Adams
|
0-0: Ball 1-0: Swinging Strike 1-1: Called Strike 1-2: Foul Ball, location: 2F 1-2: Ball 2-2: Foul Ball, location: 2F 2-2: Fielders Choice at 2nd, 6-4 (Groundball, 6, EV 81.9 MPH)
|
| Top of the 6th over - 0 runs, 1 hit, 0 errors, 2 left on base; Minnesota (NYP) 2 - Vancouver 1 |
| BOTTOM OF THE 6TH |
|
Vancouver Canadians batting - Pitching for Minnesota (NYP) Twins : RHP Gary Triska
|
|
Batting: RHB Nikita Schram
|
0-0: Foul Ball, location: 2F 0-1: Ball 1-1: Ball 2-1: Ball 3-1: SOLO HOME RUN (Flyball, 7LD, EV 96.9 MPH), Distance : 374 ft
|
|
Batting: RHB George King
|
0-0: Ball 1-0: Foul Ball, location: 2F 1-1: Swinging Strike 1-2: Strikes out swinging
|
|
Batting: RHB Brian Manson
|
0-0: Ground out 4-3 (Groundball, 4S, EV 93.8 MPH)
|
|
Batting: RHB Elliot Manfredini
|
0-0: Ball 1-0: Swinging Strike 1-1: Fly out, F9 (Flyball, 9, EV 85.6 MPH)
|
| Bottom of the 6th over - 1 run, 1 hit, 0 errors, 0 left on base; Minnesota (NYP) 2 - Vancouver 2 |
| TOP OF THE 7TH |
|
Minnesota (NYP) Twins batting - Pitching for Vancouver Canadians : RHP John York
|
|
Batting: RHB Fhil Mikrakin
|
0-0: Foul Ball, location: 2F 0-1: Called Strike 0-2: Strikes out swinging
|
|
Batting: LHB Yasutoshi Hayashi
|
0-0: Ball 1-0: Ball 2-0: SINGLE (Groundball, 4MD, EV 108.1 MPH)
|
|
Batting: LHB Ben Roth
|
0-0: SINGLE (Line Drive, 56, EV 107.5 MPH) Yasutoshi Hayashi to second
|
|
Batting: SHB Juan Aguilar
|
0-0: Foul Ball, location: 2F 0-1: Swinging Strike 0-2: Strikes out swinging
|
|
Batting: RHB David McClellan
|
0-0: Called Strike 0-1: Ball 1-1: Ground out 6-3 (Groundball, 6MD, EV 88.1 MPH)
|
| Top of the 7th over - 0 runs, 2 hits, 0 errors, 2 left on base; Minnesota (NYP) 2 - Vancouver 2 |
| BOTTOM OF THE 7TH |
|
Vancouver Canadians batting - Pitching for Minnesota (NYP) Twins : RHP Gary Triska
|
|
Pitching: RHP Cody Bryant
|
|
|
Pinch Hitting: LHB Devin Huber
|
0-0: Ball 1-0: Reached on error, E4 (Groundball, 4, EV 95.6 MPH)
|
|
Batting: RHB Mike Strey
|
0-0: Ball 1-0: Bunt missed! 1-1: Ball 2-1: Sac Bunt to 25 - play at first, batter OUT! 5-3 Devin Huber to second
|
|
Pinch Hitting: LHB Ray Whitehead
|
Balk! Devin Huber to third 0-0: Called Strike 0-1: Swinging Strike 0-2: Ball 1-2: Ball 2-2: Ball 3-2: Base on Balls
|
|
Batting: RHB Carlos Renteria
|
0-0: Called Strike 0-1: Ball 1-1: Ball 2-1: Ball Ray Whitehead steals 2nd base 3-1: Base on Balls
|
|
Batting: RHB Paul Healy
|
0-0: Ball 1-0: Foul Ball, location: 2F 1-1: Swinging Strike 1-2: Ball 2-2: Ball 3-2: Fly out, F9 (Flyball, 89D, EV 96.9 MPH)
|
|
Batting: RHB Nikita Schram
|
0-0: Foul Ball, location: 2F 0-1: Foul Ball, location: 2F 0-2: Ball 1-2: Ball 2-2: Ball 3-2: Fly out, F8 (Flyball, 8RD, EV 100.6 MPH)
|
| Bottom of the 7th over - 0 runs, 0 hits, 1 error, 3 left on base; Minnesota (NYP) 2 - Vancouver 2 |
| TOP OF THE 8TH |
|
Minnesota (NYP) Twins batting - Pitching for Vancouver Canadians : RHP John York
|
|
Pitching: RHP Danny Cervantes
|
|
|
Now at 2B: Norm Mercer
|
|
|
Now in RF: Devin Huber
|
|
|
Batting: RHB Sergio Gomez
|
0-0: Foul Ball, location: 2F 0-1: Ball 1-1: Foul Ball, location: 2F 1-2: Foul Ball, location: 2F 1-2: Strikes out swinging
|
|
Batting: LHB Tomas Espino
|
0-0: Called Strike 0-1: Called Strike 0-2: Ball 1-2: Strikes out swinging
|
|
Batting: RHB Steve Terrell
|
0-0: Ball 1-0: Foul Ball, location: 2F 1-1: Swinging Strike 1-2: Foul Ball, location: 2F 1-2: Foul Ball, location: 2F 1-2: Ball 2-2: Ball 3-2: Strikes out swinging
|
| Top of the 8th over - 0 runs, 0 hits, 0 errors, 0 left on base; Minnesota (NYP) 2 - Vancouver 2 |
| BOTTOM OF THE 8TH |
|
Vancouver Canadians batting - Pitching for Minnesota (NYP) Twins : RHP Cody Bryant
|
|
Batting: RHB George King
|
0-0: Fly out, F7 (Flyball, 78D, EV 83.8 MPH)
|
|
Pitching: LHP Travis Joyal
|
|
|
Batting: RHB Brian Manson
|
0-0: Called Strike 0-1: Ball 1-1: Swinging Strike 1-2: Ball 2-2: Ball 3-2: DOUBLE (Line Drive, 78M, EV 88.8 MPH)
|
|
Batting: RHB Elliot Manfredini
|
0-0: Hit by Pitch
|
|
Batting: LHB Devin Huber
|
0-0: Called Strike 0-1: Ball 1-1: Ball 2-1: Foul Ball, location: 2F 2-2: Ball 3-2: Foul Ball, location: 2F 3-2: Base on Balls Brian Manson to third Elliot Manfredini to second
|
|
Batting: RHB Mike Strey
|
0-0: Ball 1-0: Called Strike 1-1: Foul Ball, location: 2F 1-2: Grounds into fielders choice 6-2 (Groundball, 6, EV 88.8 MPH) Elliot Manfredini to third Devin Huber to second
|
|
Batting: RHB Norm Mercer
|
0-0: Foul Ball, location: 2F 0-1: Called Strike 0-2: Fly out, F7 (Flyball, 7, EV 93.1 MPH)
|
| Bottom of the 8th over - 0 runs, 1 hit, 0 errors, 3 left on base; Minnesota (NYP) 2 - Vancouver 2 |
| TOP OF THE 9TH |
|
Minnesota (NYP) Twins batting - Pitching for Vancouver Canadians : RHP Danny Cervantes
|
|
Batting: RHB Pat Adams
|
0-0: Ball 1-0: Ball 2-0: Ball 3-0: Base on Balls
|
|
Batting: RHB Fhil Mikrakin
|
0-0: Sac Bunt to 23 - play at first, batter safe! Pat Adams to second
|
|
Batting: LHB Yasutoshi Hayashi
|
0-0: Ball 1-0: Ball 2-0: Ball 3-0: Called Strike 3-1: Foul Ball, location: 2F 3-2: Strikes out swinging
|
|
Batting: LHB Ben Roth
|
0-0: Called Strike 0-1: Fielders Choice at 2nd, 6-4 (Groundball, 56, EV 110.0 MPH) Pat Adams to third
|
|
Pinch Hitting: RHB Caleb Bockmann
|
0-0: Called Strike 0-1: Foul Ball, location: 2F 0-2: Strikes out swinging
|
| Top of the 9th over - 0 runs, 1 hit, 0 errors, 2 left on base; Minnesota (NYP) 2 - Vancouver 2 |
| BOTTOM OF THE 9TH |
|
Vancouver Canadians batting - Pitching for Minnesota (NYP) Twins : LHP Travis Joyal
|
|
Pitching: LHP Yeijiro Kimura
|
|
|
Now at C: Ioan Biros
|
|
|
Batting: RHB Carlos Renteria
|
0-0: Ground out 4-3 (Groundball, 4, EV 105.0 MPH)
|
|
Batting: RHB Paul Healy
|
0-0: Ball 1-0: Ball 2-0: SOLO HOME RUN (Flyball, 7LD, EV 94.4 MPH), Distance : 350 ft
|
| Bottom of the 9th over - 1 run, 1 hit, 0 errors, 0 left on base; Minnesota (NYP) 2 - Vancouver 3 |
|